Map: Rhoskallian LE

Players

Massa

  • Race: Terran Terran
  • Spawn Location: 11:00

qqq

  • Race: Protoss Protoss
  • Spawn Location: 12:00

KuSi - Winner!

  • Race: Zerg Zerg
  • League: Diamond
  • Spawn Location: 5:00

KingCROmson - Winner!

  • Race: Protoss Protoss
  • League: Silver
  • Spawn Location: 6:00

VOD

Have the link to the VOD?

Description

Time

  • Played on: June 13, 2020, 7:39 a.m.
  • Length: 13:36
Show
View Real Time Build Order
Export as new Build Order

Massa Terran 

Build Orders:  

Get SALT Encoding   

  12  0:08  SCV  
  13  0:17  Supply Depot  
  13  0:20  SCV  
  14  0:32  SCV  
  15  0:40  Barracks  
  15  0:44  SCV  
  16  0:57  SCV  
  17  1:09  SCV  
  18  1:27  Marine  
  18  1:31  Command Center  
  19  1:38  Supply Depot  
  19  1:44  SCV  
  19  1:45  Marine  
  21  1:49  Refinery  
  21  1:52  Refinery  
  21  1:56  SCV  
  21  2:00  Engineering Bay  
  22  2:08  SCV  
  23  2:20  Barracks  
  23  2:25  SCV  
  24  2:37  SCV  
  24  2:43  SCV  
  26  2:46  Marine  
  26  2:49  SCV  
  26  2:51  Refinery  
  28  2:55  SCV  
  29  3:01  SCV  
  30  3:08  SCV  
  30  3:12  Factory  
  31  3:13  SCV, Barracks Tech Lab  
  32  3:20  SCV  
  32  3:24  Terran Infantry Weapons Level 1  
  32  3:25  SCV  
  34  3:29  Marine  
  34  3:32  SCV  
  36  3:38  Orbital Command  
  36  3:44  SCV, Stimpack  
  37  3:48  Marine  
  38  3:56  SCV  
  38  3:57  Factory Tech Lab  
  39  4:08  SCV  
  40  4:12  Supply Depot  
  40  4:19  Barracks Tech Lab  
  40  4:23  Marauder  
  43  4:26  Orbital Command  
  43  4:27  SCV  
  43  4:31  Siege Tank  
  46  4:35  Missile Turret  
  46  4:39  SCV  
  46  4:44  Marauder  
  49  4:51  SCV  
  49  4:52  Marauder  
  52  4:59  Supply Depot  
  52  5:05  Marauder  
  54  5:07  Supply Depot  
  54  5:12  Supply Depot  
  54  5:16  Missile Turret  
  54  5:18  Terran Infantry Armor Level 1  
  54  5:20  Armory  
  59  5:21  Marauder, Siege Tank  
  59  5:22  Supply Depot  
  59  5:26  Missile Turret  
  59  5:35  Barracks  
  59  5:40  Concussive Shells  
  59  5:41  Combat Shield  
  61  5:43  Marauder  
  61  5:49  Refinery, SCV x2  
  63  6:01  SCV x2, Missile Turret  
  67  6:04  Marauder  
  67  6:07  Siege Tank  
  67  6:09  Marauder  
  72  6:13  SCV x2  
  74  6:21  Engineering Bay  
  74  6:25  Starport, Marauder  
  76  6:37  Barracks Reactor  
  76  6:38  Marauder  
  78  6:45  Siege Tank  
  83  6:47  Marauder  
  83  6:55  Terran Infantry Weapons Level 2  
  83  6:59  Marauder  
  85  7:19  Supply Depot  
  85  7:29  Supply Depot x2  
  85  7:32  Command Center, Supply Depot  
  85  7:34  Marine  
  86  7:40  Siege Tank  
  86  7:41  Marauder x2  
  86  7:42  Supply Depot  
  91  7:53  Supply Depot  
  90  8:02  Marauder x2  
  84  8:06  Supply Depot  
  84  8:10  Marine  
  84  8:11  Marine  
  61  8:24  Marauder x2  
  61  8:28  Marine x2  
  63  8:45  Marauder x2  
  63  8:46  Marine x2  
  69  8:49  SCV  
  69  8:50  SCV  
  71  9:01  SCV  
  71  9:02  SCV, Medivac  
  75  9:04  Marine x2  
  75  9:06  Marauder x2  
  75  9:09  Siege Tank  
  84  9:13  SCV  
  84  9:14  SCV  
  86  9:22  Marine x2  
  88  9:25  SCV, Planetary Fortress  
  88  9:26  SCV  
  88  9:28  Marauder x2  
  94  9:32  Medivac  
  94  9:35  Missile Turret  
  94  9:38  SCV x2  
  98  9:39  Marine  
  98  9:41  Siege Tank  
  98  9:42  Marine  
  103  9:49  Marauder x2  
  103  9:50  SCV x2, Barracks  
  109  9:55  Terran Infantry Armor Level 2  
  109  9:56  Terran Infantry Weapons Level 3  
  109  9:57  Marine  
  109  9:58  Terran Vehicle Weapons Level 1  
  110  10:00  Marine  
  110  10:02  SCV, Medivac  
  114  10:10  Marauder x2  
  119  10:14  SCV x3  
  119  10:15  Marine  
  119  10:17  Marine  
  123  10:24  Command Center, Siege Tank  
  123  10:26  Refinery, SCV x3  
  123  10:27  Refinery  
  129  10:31  Medivac  
  129  10:32  Marauder x2, Factory  
  129  10:33  Marine  
  129  10:35  Marine  
  136  10:38  SCV  
  136  10:42  Barracks Tech Lab  
  138  10:51  Marine  
  138  10:53  Marauder x2, Marine  
  138  10:54  Supply Depot  
  138  10:56  Siege Tank  
  147  11:09  Marine  
  148  11:12  Supply Depot  
  148  11:15  Marauder x2  
  148  11:17  Supply Depot  
  152  11:34  Supply Depot  
  152  11:36  Starport Reactor, Marauder x2  
  156  11:46  Marauder  
  158  11:48  Marine x2  
  158  11:51  Factory Tech Lab  
  158  11:53  Thor  
  166  11:56  Supply Depot  
  166  11:57  Marauder x2  
  166  11:58  Planetary Fortress  
  166  12:00  SCV  
  166  12:01  SCV x2  
  173  12:06  Marine x2  
  173  12:07  Marauder  
  177  12:13  SCV x3  
  177  12:14  Medivac x2  
  184  12:19  Marauder x2  
  188  12:23  Starport, Marine  
  188  12:24  Marine  
  188  12:25  SCV x3  
  188  12:29  Marauder  
  195  12:37  SCV x3, Command Center  
  195  12:40  Marauder  
  200  12:45  Armory  
  189  13:01  Marauder  
  189  13:04  Marauder x2  
  189  13:05  Marine x2  
Show
View Real Time Build Order
Export as new Build Order

qqq Protoss 

Build Orders:  

Get SALT Encoding   

  12  0:04  Probe  
  13  0:15  Pylon  
  13  0:27  Pylon  
  13  0:34  Probe  
  14  0:46  Probe  
  14  0:48  Gateway  
  15  0:58  Pylon  
  15  1:05  Probe  
  16  1:17  Probe  
  16  1:29  Probe  
  17  1:33  Assimilator  
  17  1:39  Assimilator  
  17  1:41  Probe  
  17  1:43  Cybernetics Core  
  18  1:53  Probe  
  19  2:16  Pylon  
  19  2:19  Probe  
  20  2:31  Probe  
  21  2:43  Probe  
  22  2:55  Probe  
  22  3:05  Robotics Facility  
  22  3:16  Nexus  
  22  3:23  Pylon  
  22  3:25  Pylon  
  22  3:32  Pylon  
  22  3:35  Pylon, Robotics Facility  
  22  3:39  Pylon  
  22  3:53  Immortal  
  26  4:22  Stargate  
  26  4:26  Immortal  
  30  4:39  Immortal  
  30  4:40  Probe  
  35  4:52  Probe  
  36  5:04  Probe  
  44  5:07  Phoenix  
  39  5:16  Probe  
  40  5:22  Immortal  
  40  5:27  Probe  
  45  5:35  Probe  
  46  5:43  Probe  
  46  5:46  Immortal  
  51  5:55  Probe  
  52  6:01  Observer  
  53  6:07  Probe  
  54  6:19  Probe  
  54  6:22  Immortal  
  54  6:25  Immortal  
  63  6:31  Probe  
  64  6:39  Assimilator  
  64  6:43  Probe, Assimilator  
  65  6:48  Phoenix  
  67  6:55  Probe  
  68  7:07  Probe  
  69  7:19  Probe  
  70  7:31  Probe  
  70  7:32  Immortal x2  
  70  7:34  Phoenix  
  81  7:44  Probe  
  82  7:56  Probe  
  75  7:59  Phoenix  
  65  8:08  Probe  
  62  8:16  Immortal x2  
  66  8:20  Probe  
  66  8:24  Phoenix  
  68  8:43  Forge  
  68  8:49  Phoenix  
  68  8:51  Probe  
  68  8:55  Immortal x2  
  79  9:03  Probe  
  80  9:14  Phoenix  
  80  9:15  Probe, Fleet Beacon  
  83  9:35  Immortal  
  87  9:39  Phoenix  
  87  9:43  Nexus  
  89  9:46  Stargate  
  89  10:03  Phoenix  
  91  10:18  Nexus  
  91  10:25  Pylon  
  91  10:29  Pylon  
  91  10:32  Pylon  
  91  10:36  Pylon  
  91  10:39  Pylon x2  
  91  10:42  Pylon  
  91  10:44  Carrier  
  97  10:51  Pylon  
  97  10:54  Pylon  
  97  10:56  Pylon  
  97  10:59  Pylon  
  97  11:06  Carrier  
  103  11:48  Carrier  
  103  11:52  Stargate  
  103  11:53  Stargate  
  109  12:00  Probe x2  
  111  12:12  Probe x2  
  121  12:24  Probe x2  
  121  12:29  Photon Cannon  
  123  12:32  Photon Cannon  
  123  12:36  Probe x2  
  125  12:41  Observer  
  126  12:48  Probe  
  121  12:57  Phoenix  
Show
View Real Time Build Order
Export as new Build Order

KuSi Zerg - Winner!

Build Orders: Hatch First, Brood Lord Corruptor, Roach Hydra 

Get SALT Encoding   

  12  0:01  Drone  
  13  0:13  Overlord  
  13  0:18  Drone  
  14  0:32  Drone x2  
  16  0:54  Hatchery  
  16  0:55  Drone  
  16  0:59  Drone  
  16  1:03  Drone  
  18  1:13  Extractor  
  17  1:24  Spawning Pool  
  16  1:29  Drone  
  16  1:31  Drone  
  18  1:34  Drone  
  19  1:45  Drone  
  20  1:52  Drone  
  21  2:11  Queen x2  
  21  2:12  Zergling x4  
  27  2:30  Hatchery  
  26  2:44  Overlord  
  26  2:45  Drone x2  
  26  2:47  Metabolic Boost  
  28  3:03  Drone x2  
  28  3:04  Drone x2  
  28  3:05  Drone  
  33  3:11  Overlord  
  33  3:16  Pneumatized Carapace  
  33  3:25  Queen  
  35  3:34  Drone  
  35  3:35  Drone x3  
  35  3:41  Drone x2  
  40  3:45  Queen  
  43  3:50  Overlord  
  43  3:58  Drone x2  
  45  4:09  Drone x2  
  47  4:10  Drone x3  
  47  4:11  Drone  
  51  4:25  Extractor  
  51  4:27  Extractor  
  49  4:37  Drone x9  
  49  4:38  Overlord  
  58  4:59  Drone  
  60  5:00  Drone x5  
  60  5:03  Lair  
  64  5:13  Drone x3, Extractor  
  66  5:14  Overlord x2  
  66  5:15  Overlord  
  66  5:33  Roach Warren  
  65  5:35  Evolution Chamber  
  65  5:37  Drone x5, Evolution Chamber  
  65  5:39  Evolution Chamber  
  67  5:45  Queen x2  
  71  6:02  Spire, Spore Crawler  
  69  6:05  Spore Crawler  
  68  6:13  Extractor  
  68  6:15  Extractor  
  68  6:17  Drone  
  68  6:18  Drone x2  
  69  6:19  Drone x3  
  72  6:36  Zerg Missile Weapons Level 1, Zerg Ground Armor Level 1  
  72  6:41  Infestation Pit, Roach x9  
  72  6:43  Overlord x3  
  72  6:44  Overlord  
  89  6:48  Glial Reconstitution  
  89  6:57  Overlord  
  89  6:58  Overlord  
  89  7:05  Roach x2  
  89  7:06  Roach x7  
  107  7:15  Overseer  
  107  7:16  Roach  
  107  7:17  Roach x2  
  113  7:25  Roach x5  
  113  7:29  Hydralisk Den  
  120  7:45  Roach  
  120  7:46  Roach x8  
  128  8:01  Roach x2  
  128  8:02  Roach x3  
  120  8:11  Zergling x4  
  108  8:27  Drone x3  
  108  8:28  Drone  
  108  8:31  Zerg Ground Armor Level 2, Zerg Missile Weapons Level 2  
  112  8:37  Hive  
  112  8:45  Muscular Augments  
  112  8:47  Hydralisk x10  
  112  8:48  Hydralisk x3  
  138  9:24  Hatchery  
  137  9:50  Greater Spire  
  137  9:54  Spire  
  137  9:56  Grooved Spines  
  137  10:07  Drone x2  
  137  10:09  Overlord  
  137  10:10  Extractor, Overlord x4  
  137  10:15  Zerg Melee Weapons Level 1  
  137  10:16  Extractor  
  136  10:39  Corruptor x3  
  136  10:40  Corruptor x3  
  136  10:41  Corruptor  
  150  10:44  Drone x3  
  150  10:45  Drone x3  
  156  11:27  Corruptor x2  
  156  11:28  Corruptor x13  
  184  11:54  Overlord x3  
  184  12:15  Brood Lord  
  186  12:16  Brood Lord x5  
  186  12:22  Brood Lord  
  198  12:29  Brood Lord  
  180  13:00  Corruptor  
  180  13:01  Corruptor x3  
Show
View Real Time Build Order
Export as new Build Order

KingCROmson Protoss - Winner!

Build Orders: Archon Immortal 

Get SALT Encoding   

  12  0:00  Probe  
  13  0:13  Probe  
  14  0:20  Pylon  
  14  0:29  Probe  
  15  0:41  Probe  
  16  0:45  Gateway  
  16  0:53  Probe  
  17  1:05  Probe  
  17  1:10  Assimilator  
  18  1:17  Probe  
  19  1:29  Probe  
  20  1:32  Gateway  
  20  1:35  Cybernetics Core  
  20  1:39  Pylon  
  20  1:43  Probe  
  20  1:45  Assimilator  
  21  1:55  Probe  
  22  2:06  Probe  
  22  2:11  Warp Gate  
  23  2:20  Probe, Stalker  
  26  2:31  Stalker  
  26  2:32  Probe  
  29  2:45  Probe  
  30  2:52  Nexus  
  30  3:01  Probe  
  31  3:10  Pylon  
  31  3:19  Pylon  
  31  3:28  Probe, Stalker x2  
  36  3:40  Probe  
  37  3:51  Pylon  
  37  3:53  Robotics Facility  
  37  3:54  Probe, Pylon  
  38  3:56  Twilight Council  
  38  4:07  Probe  
  38  4:08  Gateway  
  39  4:14  Gateway  
  39  4:23  Probe  
  39  4:24  Probe  
  41  4:29  Charge  
  41  4:37  Probe x2  
  43  4:41  Observer  
  44  4:49  Probe x2, Pylon  
  46  4:55  Pylon  
  46  4:58  Sentry  
  46  4:59  Stalker  
  50  5:01  Probe x2  
  50  5:05  Assimilator  
  52  5:13  Probe  
  52  5:14  Probe  
  54  5:21  Immortal  
  58  5:26  Probe  
  58  5:27  Probe  
  60  5:29  Assimilator  
  60  5:39  Probe  
  61  5:44  Probe, Gateway x2  
  62  5:52  Probe  
  62  5:53  Zealot x2  
  62  5:54  Zealot x2  
  71  6:03  Probe  
  72  6:06  Pylon  
  72  6:12  Templar Archives  
  72  6:14  Probe  
  73  6:19  Probe  
  73  6:23  Immortal  
  78  6:36  Probe x2  
  80  6:46  Zealot x6  
  92  6:54  Probe x2  
  94  7:10  Pylon, Immortal  
  94  7:11  Pylon  
  94  7:13  Pylon  
  98  7:19  Forge  
  98  7:21  Forge  
  98  7:30  Probe x2  
  99  7:39  High Templar x6  
  99  7:43  Archon x2  
  111  7:44  Archon  
  111  7:51  Nexus  
  91  8:06  Protoss Ground Weapons Level 1  
  91  8:07  Protoss Ground Armor Level 1  
  91  8:11  Zealot x2  
  91  8:12  Zealot x4  
  93  8:26  Probe x2  
  95  8:35  Immortal  
  99  8:48  Zealot x4  
  101  8:49  High Templar  
  101  8:50  High Templar  
  101  8:55  Archon  
  111  9:02  Probe x2  
  113  9:03  Probe  
  114  9:19  Probe x3  
  114  9:22  Assimilator  
  117  9:24  Pylon  
  117  9:26  Assimilator  
  117  9:30  High Templar x2  
  117  9:31  High Templar x2  
  125  9:32  High Templar  
  125  9:33  High Templar  
  125  9:34  Archon  
  125  9:35  Archon  
  125  9:37  Archon  
  129  9:41  Immortal  
  133  9:45  Pylon  
  133  9:47  Pylon  
  133  9:49  Pylon  
  133  9:50  Probe x3  
  133  9:52  Pylon  
  136  9:54  Pylon  
  136  10:01  Protoss Ground Weapons Level 2  
  136  10:06  Protoss Ground Armor Level 2  
  136  10:09  Gateway  
  136  10:10  Gateway  
  136  10:11  Gateway  
  136  10:15  Gateway, High Templar  
  136  10:16  High Templar  
  136  10:17  Zealot x4  
  136  10:20  Archon  
  148  10:52  Immortal  
  148  10:53  Zealot x4  
  148  10:54  Nexus, Zealot x2  
  148  10:55  Pylon  
  164  10:59  Assimilator  
  164  11:03  Assimilator  
  164  11:07  Stargate  
  164  11:08  Stargate  
  164  11:15  Sentry  
  164  11:16  Zealot x3  
  164  11:17  Zealot  
  174  11:18  Zealot  
  174  11:21  Zealot  
  174  11:22  Zealot  
  174  11:24  High Templar x2  
  184  11:28  Archon  
  184  11:49  Photon Cannon x2  
  184  11:52  Photon Cannon  
  184  11:56  Photon Cannon  
  184  11:59  Photon Cannon  
  184  12:00  Photon Cannon  
  184  12:01  Photon Cannon x2  
  184  12:04  Photon Cannon  
  184  12:08  Photon Cannon  
  184  12:10  Photon Cannon  
  184  12:11  Photon Cannon  
  184  12:12  Photon Cannon  
  184  12:14  Photon Cannon  
  184  12:16  Photon Cannon  
  184  12:17  Photon Cannon  
  184  12:20  Photon Cannon  
  184  12:24  Photon Cannon  
  184  12:27  Photon Cannon  
  184  12:29  Pylon  
  184  12:30  High Templar x2  
  184  12:34  Archon  
  94  13:18  Probe x4  
  94  13:22  Zealot x6  
  94  13:23  Zealot x4  
  114  13:29  Gateway  
  114  13:31  Gateway  
  114  13:36  Gateway  
Tags
 
Add a new tag
Caveats
  • Supply blocks, unpowered buildings, or Contaminate may cause inaccurate times.
  • Supply counts are checked every 10 seconds.